 Dungeon Crawl Stone Soup version 0.29.0-13-gc9e81de378 (webtiles) character file.

Game seed: 15639007777185547239

1655 LustLizard the Grappler (level 8, -3/70 (80) HPs)
             Began as a Troll Fighter on Sept 8, 2022.
             Slain by a wight
             ... wielding a +3 morningstar
              (7 damage)
             ... on level 6 of the Dungeon.
             The game lasted 00:06:19 (5197 turns).

LustLizard the Grappler (Troll Fighter)             Turns: 5197, Time: 00:06:20

HP:   -3/70 (80)    AC:  4    Str: 25    XL:     8   Next: 68%
MP:   7/7           EV:  8    Int:  6    God:
Gold: 373           SH:  8    Dex:  9    Spells: 7/7 levels left

rFire   . . .      SeeInvis +     - Unarmed
rCold   . . .      Faith    .   b - +0 kite shield
rNeg    . . .      Spirit   .   a - +0 robe
rPois   .          Reflect  .   (helmet restricted)
rElec   .          Harm     .   (no cloak)
rCorr   .          Rampage  .   (gloves unavailable)
Will    .....                   (boots unavailable)
Stlth   +.........              (no amulet)
HPRegen 1.01/turn               u - ring of see invisible
MPRegen 0.10/turn               (no ring)

@: about to teleport, heavily drained
A: large, unfitting armour, claws 3, regeneration 1, shaggy fur 1, tough skin 1
a: no special abilities


You were on level 6 of the Dungeon.
You visited 2 branches of the dungeon, and saw 7 of its levels.

You collected 373 gold pieces.

Inventory:

Missiles
 m - 82 stones (quivered)
 B - 4 poisoned darts
Armour
 a - a +0 robe (worn)
 b - a +0 kite shield (worn)
Jewellery
 p - an amulet of faith
 u - a ring of see invisible (left claw)
Wands
 s - a wand of flame (30)
 t - a wand of mindburst (15)
Scrolls
 d - 2 scrolls of teleportation
 f - 2 scrolls of noise {unknown}
 g - a scroll of summoning {unknown}
 h - a scroll of blinking {unknown}
 k - a scroll of torment {unknown}
 l - 6 scrolls of poison {unknown}
 o - a scroll of silence {unknown}
 q - 3 scrolls of enchant weapon {unknown}
 r - 2 scrolls of amnesia {unknown}
 v - a scroll of vulnerability {unknown}
 y - 2 scrolls of identify
 C - a scroll of fear {unknown}
Potions
 c - a potion of might
 e - a potion of berserk rage
 i - a potion of brilliance
 j - 4 potions of lignification
 n - 2 potions of curing {unknown}
 w - a potion of magic {unknown}
 x - a potion of resistance {unknown}
 z - 2 potions of attraction {unknown}
 A - a potion of haste {unknown}


   Skills:
 + Level 5.1 Fighting
 - Level 2.4 Dodging
 + Level 5.7 Shields
 * Level 8.1 Unarmed Combat


You had 7 spell levels left.
You didn't know any spells.
Your spell library contained the following spells:

 Spells                   Type           Power      Damage    Failure   Level
 Magic Dart               Conj           0%         1d3       71%         1
 Call Imp                 Summ           0%         N/A       85%         2
 Ensorcelled Hibernation  Hex/Ice        0%         N/A       85%         2
 Static Discharge         Conj/Air       0%         3-3/arc   85%         2
 Conjure Flame            Conj/Fire      0%         6-21      97%         3
 Ignite Poison            Fire/Tmut/Pois 0%         N/A       97%         3
 Mephitic Cloud           Conj/Pois/Air  0%         N/A       97%         3
 Portal Projectile        Hex/Tloc       0%         N/A       97%         3
 Spider Form              Tmut/Pois      0%         N/A       97%         3
 Tukima's Dance           Hex            0%         N/A       97%         3
 Anguish                  Hex/Necr       0%         N/A       100%        4
 Corpse Rot               Necr/Pois/Air  0%         N/A       100%        4
 Dispel Undead            Necr           0%         3d6       100%        4
 Sticky Flame             Conj/Fire      0%         2d3       100%        4
 Blade Hands              Tmut           0%         N/A       100%        5
 Lightning Bolt           Conj/Air       0%         1d11      100%        5
 Death Channel            Necr           0%         N/A       100%        6
 Maxwell's Capacitive Co  Air            0%         ∞         100%        8


Dungeon Overview and Level Annotations

Branches:
Dungeon (6/15)             Temple (1/1) D:4

Altars:
Elyvilon
Fedhas
Gozag
Hepliaklqana
Makhleb
Qazlal
Ru
Trog
Uskayaw
Xom
Yredelemnul
Zin


Innate Abilities, Weirdness & Mutations

You are too large for most types of armour.
You have claws for hands.
Your natural rate of healing is unusually fast.
You are covered in fur. (AC +1)
You have tough skin. (AC +1)


Message History

a +0 mace; a +0 robe 2 wights come into view.
The wight moves out of view. x2
Things that are here:
a +0 morningstar; a +0 robe A wight comes into view.
It is wielding a +1 long sword.
The wight hits you with a +3 morningstar!
You feel drained. You block the wight's attack.
The wight moves out of view.
You barely miss the wight.
The wight hits you with a +3 morningstar!!
You feel drained. The wight hits you with a +0 dagger.
You scratch the wight but do no damage.
The wight hits you with a +3 morningstar!
The wight hits you with a +0 dagger.
You feel drained.
You are too injured to fight recklessly!
The wight attacks as you move away! The wight hits you with a +0 dagger.
* * * LOW HITPOINT WARNING * * *
You feel drained.
* * * LOW HITPOINT WARNING * * *
You scratch the wight.
The wight is moderately damaged.
The wight hits you with a +3 morningstar!
* * * LOW HITPOINT WARNING * * *
You barely miss the wight.
The wight is moderately damaged.
The wight closely misses you.
You scratch the wight but do no damage.
The wight is moderately damaged.
You block the wight's attack.
You closely miss the wight.
The wight is moderately damaged.
The wight hits you with a +3 morningstar!
* * * LOW HITPOINT WARNING * * *
You feel drained.
* * * LOW HITPOINT WARNING * * *
Okay, then.
As you read the scroll of teleportation, it crumbles to dust.
You feel strangely unstable.
The wight hits you with a +3 morningstar!
You die...

..................##.
..#
####.............##.
..# #...........### .
..# ####........# ..#
##.........# ..
##..######### ##.
#).## +#..##)##
#..zz@.# #..#z#### #.
#. .. ###


You could see 3 wights.

Vanquished Creatures
  A water moccasin (D:6)
  An ice beast (D:5)
  A black bear (D:5)
  2 ogres
  The ghost of nickcage the Poker, an amateur MfGl (D:3)
  A phantom (D:6)
  A bullfrog (D:6)
  A kobold brigand (D:3)
  5 scorpions
  2 wights (D:6)
  3 hounds (D:6)
  A jelly (D:6)
  2 orc priests
  Ijyb (D:3)
  3 iguanas
  2 orc wizards
  A gnoll (D:2)
  8 adders
  2 worms
  7 dart slugs
  15 orcs
  4 ball pythons
  4 endoplasms
  6 giant cockroaches
  2 goblins
  9 hobgoblins
  2 jackals (D:2)
  5 quokkas (D:1)
  6 bats
  7 frilled lizards
  9 kobolds
  7 rats
122 creatures vanquished.

Vanquished Creatures (others)
  A fungus (D:3)
  3 plants (D:3)
4 creatures vanquished.

Grand Total: 126 creatures vanquished

Notes
Turn   | Place    | Note
-------+----------+-------------------------------------------
     0 | D:1      | LustLizard the Troll Fighter began the quest for the Orb.
     0 | D:1      | Reached XP level 1. HP: 22/22 MP: 0/0
    93 | D:1      | Reached XP level 2. HP: 29/29 MP: 1/1
   276 | D:1      | Reached XP level 3. HP: 36/36 MP: 2/2
   395 | D:1      | Reached skill level 3 in Unarmed Combat
  1497 | D:2      | Reached XP level 4. HP: 44/44 MP: 3/3
  1559 | D:3      | Noticed an ogre
  1621 | D:3      | Found a runed translucent gate.
  1621 | D:3      | Noticed nickcage's ghost (amateur MfGl)
  1621 | D:3      | Noticed a kobold brigand
  1622 | D:3      | Found a runed translucent gate.
  1622 | D:3      | Found a runed translucent gate.
  1843 | D:3      | Noticed Ijyb
  1862 | D:3      | Killed Ijyb
  2445 | D:4      | Reached skill level 4 in Unarmed Combat
  2445 | D:4      | Reached XP level 5. HP: 53/53 MP: 4/4
  3035 | D:4      | Found a staircase to the Ecumenical Temple.
  3040 | Temple   | Entered the Ecumenical Temple
  3154 | D:5      | Entered Level 5 of the Dungeon
  3269 | D:5      | Reached XP level 6. HP: 52/61 MP: 5/5
  3340 | D:5      | Reached skill level 5 in Unarmed Combat
  3368 | D:5      | Reached XP level 7. HP: 60/68 MP: 6/6
  3596 | D:5      | Reached skill level 6 in Unarmed Combat
  3763 | D:5      | Found a shimmering altar of Xom.
  4586 | D:3      | Killed nickcage's ghost
  4735 | D:6      | Reached skill level 5 in Shields
  4735 | D:6      | Reached XP level 8. HP: 73/79 MP: 7/7
  4853 | D:6      | Reached skill level 7 in Unarmed Combat
  4964 | D:6      | Found a bloodstained altar of Trog.
  5036 | D:6      | Reached skill level 5 in Fighting
  5155 | D:6      | Reached skill level 8 in Unarmed Combat
  5196 | D:6      | HP: 3/70 [wight/+3 morningstar (1)]
  5197 | D:6      | Slain by a wight

Illustrated notes

Levels and vault maps discovered:
D:1:      mrwooster_arrival_statue_2, layout_loops_ring, minmay_heptomino_w4
D:2:      layout_basic, minmay_liquid_box, cheibrodos_gnoll_hut
D:3:      layout_basic, gammafunk_ghost_nasty_kobolds, uniq_ijyb
D:4:      layout_basic, minmay_temple_entry_proselytizer, st_stairs_11
D:5:      layout_basic, kennysheep_mini
D:6:      layout_basic, nemelex_diamond_rough_becter,
          mainiacjoe_overflow_brackets, kennysheep_generic_room_8
Temple:   eino_wide_crystal_templ

Skill      XL: |  1  2  3  4  5  6  7  8 |
---------------+-------------------------+-----
Shields        | 3 4 5 |  5.7
Unarmed Combat | 3 4 5 6 8 |  8.1
Fighting       | 3 4 5 |  5.1
Dodging        | |  2.4

Action                   |  1- 3 |  4- 6 |  7- 9 || total
-------------------------+-------+-------+-------++-------
Melee: Unarmed           |   128 |   105 |   169 ||   402
  Use: Scroll            |     3 |     1 |     1 ||     5
       Potion            |       |       |     1 ||     1
 Stab: Sleeping          |     2 |     1 |       ||     3
Armor: Robe              |    39 |    29 |    26 ||    94
Dodge: Dodged            |    38 |    28 |    45 ||   111
Block: Kite shield       |    28 |    32 |    65 ||   125
